 Dungeon Crawl Stone Soup version 0.32-a0-995-gb4a59205af (webtiles) character file.

Game seed: 2799203535562893417

12368 ragingrage the Slicer (level 11, 0/76 (104) HPs)
             Began as a Naga Brigand on Apr 21, 2024.
             Was an Initiate of Gozag.
             Killed from afar by a laughing skull (21 damage)
             ... with a bolt of negative energy
             ... on level 1 of the Abyss on Apr 22, 2024.
             The game lasted 00:15:29 (11440 turns).

ragingrage the Slicer (Naga Brigand)               Turns: 11440, Time: 00:15:29

HP:   0/76 (104)    AC: 17    Str: 13    XL:     11   Next: 92%
MP:   11/11         EV: 11    Int: 12    God:    Gozag
Gold: 1633          SH:  5    Dex: 17    Spells: 5/10 levels left

rFire   + . .        t - +5 rapier (drain)
rCold   + . .        i - +0 buckler
rNeg    . . .        h - +2 ring mail {rF+}
rPois   +            G - +1 helmet
rElec   .            Q - +1 cloak {rC+}
rCorr   .            m - +0 pair of gloves
SInv    +            (no barding)
Will    +....        K - amulet of regeneration
Stlth   +++          R - +4 ring of protection
HPRegen 1.12/turn    J - +5 ring of evasion
MPRegen 0.12/turn

%: no passive effects
@: about to teleport, hasted, very heavily drained, quick
A: AC +3, large, see invisible, deformed body, poison resistance, slowness 2,
spit poison 1, naga tail 1
a: Spit Poison, Renounce Religion, Potion Petition, Call Merchant, Bribe Branch


You were on level 1 of the Abyss.
You worshipped Gozag.
Gozag was most pleased with you.
You visited 2 branches of the dungeon, and saw 12 of its levels.
You visited the Abyss 1 time.
You also visited: Ossuary and Ice Cave.

You collected 2278 gold pieces.
You paid 645 gold pieces to Gozag.

Inventory:

Hand Weapons
 a - a +2 dagger
 t - a +5 rapier of draining (weapon)
Missiles
 d - 21 poisoned darts (quivered)
 e - 4 curare-tipped darts
 I - 6 javelins
Armour
 g - a scarf of resistance
 h - a +2 ring mail of fire resistance (worn)
 i - a +0 buckler (worn)
 m - a +0 pair of gloves (worn)
 G - a +1 helmet (worn)
 Q - a +1 cloak of cold resistance (worn)
Jewellery
 c - a ring of protection from cold
 v - a ring of willpower
 D - a ring of positive energy
 J - a +5 ring of evasion (right hand)
 K - an amulet of regeneration (around neck)
 R - a +4 ring of protection (left hand)
Wands
 l - a wand of iceblast (18)
 y - a wand of charming (31)
 M - a wand of flame (7)
Scrolls
 b - a scroll of enchant armour {unknown}
 n - 2 scrolls of amnesia
 o - 2 scrolls of immolation {unknown}
 q - 4 scrolls of teleportation
 w - 5 scrolls of vulnerability
 z - 2 scrolls of fear
 B - 2 scrolls of fog
 F - a scroll of poison {unknown}
 H - a scroll of brand weapon
Potions
 f - 2 potions of berserk rage
 j - 2 potions of enlightenment {unknown}
 k - 10 potions of curing
 p - 5 potions of might
 r - 3 potions of invisibility
 s - 3 potions of mutation {unknown}
 u - 3 potions of heal wounds
 x - 4 potions of brilliance
 A - 3 potions of lignification {unknown}
 C - 5 potions of resistance
 E - 4 potions of magic {unknown}
 O - a potion of cancellation {unknown}
 P - a potion of attraction {unknown}
Miscellaneous
 L - a phantom mirror (inert)


   Skills:
 + Level 8.4 Fighting
 - Level 14.0 Short Blades
 - Level 1.7 Throwing
 - Level 0.7 Dodging
 - Level 7.0 Stealth
 - Level 4.0 Shields
 - Level 6.0 Hexes
 - Level 5.0 Evocations


You had 5 spell levels left.
You knew the following spells:

 Your Spells              Type           Power      Damage    Failure   Level
a - Jinxbite              Hex            28%        N/A       13%         2
b - Passwall              Erth           0%         N/A       96%         3

Your spell library contained the following spells:

 Spells                   Type           Power      Damage    Failure   Level
 Tukima's Dance           Hex            14%        N/A       26%         3
 Ensorcelled Hibernation  Hex/Ice        14%        N/A       41%         2
 Apportation              Tloc           0%         N/A       69%         1
 Freeze                   Ice            0%         1d3       69%         1
 Lesser Beckoning         Tloc           0%         N/A       83%         2
 Static Discharge         Conj/Air       0%         3-3/arc   83%         2
 Frozen Ramparts          Ice            0%         1d1       96%         3
 Hailstorm                Conj/Ice       0%         3d5       96%         3
 Maxwell's Portable Pile  Tloc           0%         2d(5-13)  96%         3
 Summon Ice Beast         Ice/Summ       0%         N/A       96%         3
 Swiftness                Air            0%         N/A       96%         3
 Teleport Other           Tloc           0%         N/A       96%         3
 Airstrike                Air            0%         2d(0-16)  100%        4
 Passage of Golubria      Tloc           0%         N/A       100%        4
 Summon Lightning Spire   Summ/Air       0%         N/A       100%        4
 Alistair's Intoxication  Alch           0%         N/A       100%        5
 Yara's Violent Unravell  Hex/Alch       3%         3d4       100%        5
 Permafrost Eruption      Ice/Erth       0%         2x4d1     100%        6
 Sculpt Simulacrum        Ice/Alch       0%         N/A       100%        6
 Enfeeble                 Hex            7%         N/A       100%        7


Dungeon Overview and Level Annotations

Branches:
Dungeon (11/15)            Temple (1/1) D:6            Lair (0/5) D:9
    Orc (0/2) D:10        Ossuary (visited)           IceCv (visited)

Altars:
Ashenzari
Cheibriados
Dithmenos
Elyvilon
Fedhas
Gozag
Hepliaklqana
Kikubaaqudgha
Makhleb
Nemelex Xobeh
Okawaru
Qazlal
Ru
Sif Muna
Trog
Uskayaw
Vehumet
Wu Jian
Xom
Yredelemnul
Zin
The Shining One

Annotations:
D:4 2 runed translucent doors
D:6 3 runed translucent doors, Rudyous's ghost, novice HuCj
D:11 Psyche


Innate Abilities, Weirdness & Mutations

Your serpentine skin is tough. (AC +3)
You have supernaturally acute eyesight. (SInv)
Armour fits poorly on your strangely shaped body.
Your system is resistant to poisons. (rPois)
You cover ground very slowly.
You can spit poison.
You have a snake-like lower body.


Message History

[c] - 476 gold - lignification, might and resistance Purchase which effect?
You feel yourself speed up.
You feel much better. Magic courses through your body.
The laughing skull barely misses you.
The laughing skull lets out a vicious peal of laugher.
The bolt of negative energy hits you!
You feel drained.
* * * LOW HITPOINT WARNING * * *
You feel much better. The laughing skull headbutts you.
The laughing skull cackles spitefully.
The bolt of negative energy hits the laughing skull.
The laughing skull completely resists.
The bolt of negative energy misses the laughing skull.
The bolt of negative energy hits you!
You feel drained.
* * * LOW HITPOINT WARNING * * *
You feel better. You block the laughing skull's attack.
A hell hound comes into view.
The hell hound barks!
The laughing skull barely misses you.
A hellwing comes into view.
The laughing skull gibbers with scorn.
The bolt of negative energy hits the laughing skull.
The laughing skull completely resists.
The bolt of negative energy hits you!
You feel drained.
* * * LOW HITPOINT WARNING * * *
You block the laughing skull's attack. The hell hound barely misses you.
The hell hound bites you!
* * * LOW HITPOINT WARNING * * *
The laughing skull attacks as it pursues you!
You block the laughing skull's attack. The hell hound barely misses you. x2
The laughing skull headbutts you but does no damage.
You block the hell hound's attack.
The laughing skull gibbers with scorn.
The bolt of negative energy hits the hell hound.
The hell hound completely resists.
The bolt of negative energy hits you!!
You feel drained.
You die...
The laughing skull crumbles to pieces from sheer joy.
Your body crumbles into a pile of gold.

.... # ## ... ##
#. # #.. #.# # ..
#.. .#.## .. #..
####z# # ..
#..##.#zzz... ##
#' #.+z.z#.###
#..# ####..###.#
#..# # #
.......@hz##.
#..## # .
..........########
## ##.##..#### #
### # ยง ~ #


You could see a hell hound and 2 laughing skulls.

Vanquished Creatures
  Pikel (D:8)
  A cyclops (D:11)
  2 ice statues (IceCv)
  4 rime drakes (IceCv)
  2 komodo dragons
  2 trolls (D:10)
  2 vampires
  3 wraiths
  2 wyverns
  11 yaks (D:9)
  6 vampire mosquitoes (D:11)
  2 acid dragons (D:11)
  2 water moccasins
  3 ice beasts
  2 sky beasts
  4 orc warriors
  A black bear (D:4)
  A laughing skull (Abyss:1)
  An ogre (D:7)
  A small abomination (Abyss:1)
  A lemure (D:8)
  2 kobold brigands (D:9)
  2 phantoms
  3 bullfrogs
  A gnoll sergeant (D:7)
  2 scorpions (D:6)
  2 water moccasin zombies (Ossuary)
  A wight (Ossuary)
  16 killer bees
  A bullfrog zombie (Ossuary)
  2 bombardier beetles
  2 centaur zombies (Ossuary)
  2 hounds (D:5)
  A jelly (D:7)
  4 komodo dragon simulacra (IceCv)
  2 orc priests
  A gnoll bouda (D:9)
  An iron imp (Abyss:1)
  A sleepcap (D:5)
  Jessica (D:2)
  8 orc wizards
  Ijyb (D:3)
  2 scorpion zombies (Ossuary)
  2 iguanas
  2 spriggan simulacra (D:11)
  A troll simulacrum (D:11)
  11 gnolls
  11 acid dragon simulacra (IceCv)
  12 adders
  A white imp (D:8)
  4 ufetubi
  6 steam dragon simulacra (IceCv)
  3 adder zombies (Ossuary)
  4 dart slugs
  6 ribbon worms
  23 orcs
  9 endoplasms
  A giant cockroach (D:1)
  4 gnoll zombies (Ossuary)
  14 goblins
  11 hobgoblins
  7 jackals
  5 quokkas
  9 ball pythons
  8 bats
  4 frilled lizards
  5 goblin zombies (Ossuary)
  3 hobgoblin zombies (Ossuary)
  14 kobolds
  5 orc zombies (Ossuary)
  4 rats
301 creatures vanquished.

Vanquished Creatures (collateral kills)
  A white draconian (IceCv)
  A large abomination (Abyss:1)
  2 gnolls (D:7)
4 creatures vanquished.

Vanquished Creatures (others)
  A troll (D:10)
1 creature vanquished.

Grand Total: 306 creatures vanquished

Notes
Turn   | Place    | Note
-------+----------+-------------------------------------------
     0 | D:1      | ragingrage the Naga Brigand began the quest for the Orb.
     0 | D:1      | Reached XP level 1. HP: 19/19 MP: 1/1
    49 | D:1      | Reached XP level 2. HP: 19/26 MP: 2/2
   273 | D:1      | Reached skill level 3 in Short Blades
   636 | D:1      | Reached XP level 3. HP: 32/32 MP: 3/3
   944 | D:2      | Upgraded the game from 0.32-a0-986-ga09f62fbf4 to
                  | 0.32-a0-995-gb4a59205af
   976 | D:2      | Reached skill level 1 in Shields
  1011 | D:2      | Learned a level 2 spell: Jinxbite
  1307 | D:2      | Noticed Jessica
  1334 | D:2      | Killed Jessica
  1335 | D:2      | Reached skill level 1 in Hexes
  1335 | D:2      | Reached XP level 4. HP: 11/39 MP: 4/4
  1641 | D:2      | Reached skill level 4 in Short Blades
  1652 | D:2      | Reached XP level 5. HP: 45/45 MP: 5/5
  2246 | D:2      | Reached XP level 6. HP: 16/52 MP: 6/6
  2660 | D:3      | Reached skill level 5 in Short Blades
  3037 | D:3      | Noticed Ijyb
  3119 | D:3      | Killed Ijyb
  3196 | D:4      | Found a sand-covered staircase.
  3307 | Ossuary  | Entered an ossuary
  3405 | Ossuary  | Reached XP level 7. HP: 35/61 MP: 7/7
  3564 | Ossuary  | Reached skill level 6 in Short Blades
  3748 | Ossuary  | Noticed a silent spectre
  3906 | D:4      | Reached skill level 7 in Short Blades
  3906 | D:4      | Reached XP level 8. HP: 48/69 MP: 8/8
  4147 | D:4      | Found a large runed translucent door.
  4147 | D:4      | Found a large runed translucent door.
  4272 | D:4      | Found a shimmering altar of Xom.
  4338 | D:5      | Entered Level 5 of the Dungeon
  4632 | D:5      | Reached skill level 8 in Short Blades
  4887 | D:6      | Reached skill level 5 in Hexes
  5039 | D:6      | Found a runed translucent gate.
  5039 | D:6      | Found a runed translucent gate.
  5039 | D:6      | Found a runed translucent gate.
  5043 | D:6      | Noticed Rudyous's ghost (novice HuCj)
  5044 | D:6      | Noticed a cyclops
  5370 | D:6      | Found a staircase to the Ecumenical Temple.
  5382 | Temple   | Entered the Ecumenical Temple
  5391 | Temple   | Became a worshipper of Gozag Ym Sagoz the Greedy
  5531 | D:7      | Noticed a wyvern
  5545 | D:7      | Killed a wyvern
  5546 | D:7      | Reached skill level 9 in Short Blades
  5552 | D:7      | Learned a level 3 spell: Passwall
  5584 | D:7      | Reached XP level 9. HP: 64/75 MP: 9/9
  5706 | D:7      | Reached skill level 10 in Short Blades
  6334 | D:7      | Reached skill level 11 in Short Blades
  7027 | D:8      | Noticed Pikel
  7046 | D:8      | Killed Pikel
  7047 | D:8      | Reached XP level 10. HP: 81/86 MP: 10/10
  7201 | D:9      | Reached skill level 12 in Short Blades
  7273 | D:9      | Identified the +7 whip of Death's Door {protect, ^Fragile
                  | rC++}
  7357 | D:9      | Reached skill level 5 in Fighting
  7399 | D:9      | Found a staircase to the Lair.
  7525 | D:9      | Found a bloodstained altar of Trog.
  7574 | D:9      | Reached skill level 13 in Short Blades
  8095 | D:10     | Entered Level 10 of the Dungeon
  8180 | D:10     | Found a staircase to the Orcish Mines.
  8211 | D:10     | Reached skill level 14 in Short Blades
  8211 | D:10     | Reached XP level 11. HP: 58/94 MP: 11/11
  8494 | D:10     | Reached skill level 1 in Evocations
  8804 | D:11     | Found a frozen archway.
  8883 | IceCv    | Entered an ice cave
  9833 | IceCv    | Noticed a white draconian
 10151 | IceCv    | Killed a white draconian
 10470 | D:11     | Noticed a cyclops
 10482 | D:11     | Killed a cyclops
 10483 | D:11     | Reached skill level 5 in Evocations
 11085 | D:11     | Noticed Psyche
 11094 | Abyss:1  | Cast into level 1 of the Abyss (Psyche)
 11138 | Abyss:1  | Found a corrupted altar of Lugonu.
 11180 | Abyss:1  | Noticed a cyan very ugly thing
 11234 | Abyss:1  | Noticed a starcursed mass
 11323 | Abyss:1  | Noticed a thrashing horror
 11440 | Abyss:1  | Killed from afar by a laughing skull

Illustrated notes

Levels and vault maps discovered:
D:1:      wander_arrival_peaceful_grave, layout_loops_corners,
          nicolae_concentric_dashed_squares_mild, minmay_tall_x
D:2:      minmay_thinvault, layout_basic, uniq_jessica
D:3:      kennysheep_the_goblin_king, layout_basic,
          minmay_fractal_squares_gapless_5
D:4:      due_chaos_kobolds, layout_cave_pools, nicolae_ossuary_entry_monument
D:5:      layout_basic
D:6:      layout_basic, minmay_temple_entry_glassed_door, gammafunk_ghost_split
D:7:      layout_loops_corners
D:8:      layout_gridville, minmay_liquid_box, uniq_pikel
D:9:      layout_loops_cross, mainiacjoe_overflow_alcove_2
D:10:     layout_roguey, david_orc_3
D:11:     layout_roguey, portal_ice_cave_entry_ice_simulacra, uniq_psyche
Temple:   regret_index_temple_sigil_plot
Abyss:1:  base:
D:8

Skill      XL: |  1  2  3  4  5  6  7  8  9 10 11 |
---------------+----------------------------------+-----
Short Blades   | 3 4 5 7 9 11 14 | 14.0
Shields        | 1 2 4 |  4.0
Hexes          | 1 2 3 4 5 6 |  6.0
Fighting       | 3 4 5 8 |  8.4
Stealth        | 7 |  7.0
Evocations     | 5 |  5.0
Throwing       | |  1.7
Dodging        | |  0.7

Action                     |  1- 3 |  4- 6 |  7- 9 | 10-12 || total
---------------------------+-------+-------+-------+-------++-------
  Melee: Dagger            |    89 |     3 |       |       ||    92
         Rapier            |       |   273 |   369 |   582 ||  1224
  Throw: Dart              |       |     1 |     1 |     1 ||     3
   Cast: Jinxbite          |       |     1 |     4 |    10 ||    15
 Invoke: Potion Petition   |       |       |       |     1 ||     1
Ability: Spit Poison       |    21 |    24 |    24 |    12 ||    81
  Evoke: Wand              |       |       |     1 |     1 ||     2
         Phantom mirror    |       |       |       |     2 ||     2
    Use: Scroll            |       |       |    15 |     3 ||    18
         Potion            |       |       |       |     2 ||     2
   Stab: Sleeping          |     2 |     5 |     3 |     6 ||    16
         Betrayed ally     |       |       |     1 |       ||     1
         Distracted        |       |       |       |     3 ||     3
 Armour: Robe              |    23 |       |       |       ||    23
         Ring mail         |    53 |   225 |   259 |   246 ||   783
  Dodge: Dodged            |    50 |   123 |   176 |   160 ||   509
  Block: Buckler           |    15 |    60 |    89 |    69 ||   233

Table legend: (Time is in decaauts)
 A = Elapsed time spent in this place.
 B = Non-inter-level travel time spent in this place.
 C = Inter-level travel time spent in this place.
 D = Time resting spent in this place.
 E = Time spent auto-exploring this place.
 F = Levels seen in this place.
 G = Mean time per level.
                   A        B        C        D        E       F      G
               +--------+--------+--------+--------+--------+-----+--------+
         Total |  13891 |  13547 |    344 |   1829 |   8481 |  15 |  926.1 |
       Dungeon |  11416 |  11095 |    321 |    858 |   7950 |  11 | 1037.8 |
        Temple |     25 |      2 |     23 |      0 |      0 |   1 |   25.0 |
         Abyss |    404 |    404 |      0 |    110 |      0 |   1 |  404.0 |
       Ossuary |    548 |    548 |      0 |     93 |    213 |   1 |  548.0 |
      Ice Cave |   1496 |   1496 |      0 |    767 |    317 |   1 | 1496.0 |
               +--------+--------+--------+--------+--------+-----+--------+

Top non-repeatable levels by time:
     D:2: 1703 daAuts
   IceCv: 1496 daAuts
     D:7: 1407 daAuts
     D:1: 1245 daAuts
     D:9: 1073 daAuts
     D:3: 1069 daAuts
    D:11: 1004 daAuts
     D:6: 857 daAuts
    D:10: 832 daAuts
     D:4: 792 daAuts
     D:8: 763 daAuts
     D:5: 667 daAuts
 Ossuary: 548 daAuts
 Abyss:1: 404 daAuts
  Temple: 25 daAuts
